 Dungeon Crawl Stone Soup version 0.30.0-19-g36f170ea60 (webtiles) character file.

Game seed: 13544777983070725343

39 Eryximachus the Ogre Mage (level 3, -8/31 HPs)
             Began as an Ogre Fire Elementalist on May 21, 2023.
             Mangled by an iguana (12 damage)
             ... on level 2 of the Dungeon on May 30, 2023.
             The game lasted 00:12:45 (1752 turns).

Eryximachus the Ogre Mage (Ogre Fire Elementalist)  Turns: 1752, Time: 00:12:46

Health: -8/31      AC:  3    Str: 12    XL:     3   Next: 47%
Magic:  5/7        EV: 10    Int: 18    God:
Gold:   92         SH:  0    Dex:  9    Spells: 2/8 levels left

rFire   . . .        i - +0 dagger
rCold   . . .        (no shield)
rNeg    . . .        a - +0 robe
rPois   .            (helmet restricted)
rElec   .            (no cloak)
rCorr   .            (gloves unavailable)
SInv    .            (boots unavailable)
Will    .....        (no amulet)
Stlth   ++           (no ring)
HPRegen 0.25/turn    (no ring)
MPRegen 0.10/turn

%: no passive effects
@: no status effects
A: large, unfitting armour, tough skin 1
a: no special abilities


You were on level 2 of the Dungeon.
You visited 1 branch of the dungeon, and saw 2 of its levels.

You collected 92 gold pieces.

Inventory:

Hand Weapons
 i - a +0 dagger (weapon)
Missiles
 d - 6 stones
Armour
 a - a +0 robe (worn)
Magical Staves
 h - a staff of poison
Scrolls
 c - 2 scrolls of enchant weapon {unknown}
 e - a scroll of amnesia {unknown}
 f - a scroll of fear {unknown}
 j - a scroll of teleportation {unknown}
Potions
 b - a potion of magic
 g - a potion of heal wounds
 k - a potion of curing {unknown}


   Skills:
 + Level 2.1 Dodging
 + Level 1.6 Stealth
 + Level 3.2 Spellcasting
 + Level 1.1 Conjurations
 + Level 3.1 Fire Magic


You had 2 spell levels left.
You knew the following spells:

 Your Spells              Type           Power      Damage    Failure   Level
a - Foxfire               Conj/Fire      40%        2x1d6     7%          1
b - Scorch                Fire           28%        2d6       7%          2
c - Volatile Blastmotes   Fire/Tloc      16%        2d11      26%         3

Your spell library contained the following spells:

 Spells                   Type           Power      Damage    Failure   Level
 Inner Flame              Hex/Fire       8%         N/A       26%         3
 Flame Wave               Conj/Fire      10%        2d6       54%         4


Dungeon Overview and Level Annotations

Branches:
Dungeon (2/15)

Altars:


Innate Abilities, Weirdness & Mutations

You are too large for most types of armour.
You have tough skin. (AC +1)


Message History

An iguana comes into view.
An iguana is nearby!
An iguana is nearby!
An iguana is nearby!
An iguana is nearby!
An iguana is nearby!
The iguana hisses angrily.
The iguana barely misses you.
You hit the iguana but do no damage. The iguana bites you!
You hit the iguana but do no damage. The iguana bites you.
You closely miss the iguana. The iguana bites you!
* * * LOW HITPOINT WARNING * * *
You are too injured to fight recklessly!
You are too injured to fight recklessly!
You are too injured to fight recklessly!
You are too injured to fight recklessly!
You are too injured to fight recklessly!
You are too injured to fight recklessly!
You are too injured to fight recklessly!
You are too injured to fight recklessly!
You are too injured to fight recklessly!
You are too injured to fight recklessly!
You are too injured to fight recklessly!
You are too injured to fight recklessly!
You are too injured to fight recklessly!
You are too injured to fight recklessly!
You are too injured to fight recklessly!
You are too injured to fight recklessly!
You are too injured to fight recklessly!
Casting: Foxfire (safe; 7% risk of failure)
Confirm with . or Enter, or press ? or * to list all spells.
You conjure some foxfire!
The iguana barely misses you. The iguana attacks as you move away!
The iguana bites you.
* * * LOW HITPOINT WARNING * * *
Casting: Foxfire (safe; 7% risk of failure)
Confirm with . or Enter, or press ? or * to list all spells.
You conjure some foxfire!
The foxfire hits the iguana but does no damage.
The iguana bites you!
You die...

###....^........ . ##.
#..........#..##. #.
#.##.....#......# ##
#...#....#.#..##.
#....#..#..#..##.
#....###......##.##
#...###.......##.§#
#..#..#........##l#######
#.#....#.......#@§§......
#.#.....##.....vvv#######
#.............§..##
###.##...<...§..##
#.###.##......# #.#
#.#.......# #.#
#.#.......#
###.###.........#######
#⌠.⌠.⌠#...............#


You could see an iguana (ally target).

Vanquished Creatures
  2 dart slugs (D:1)
  4 ball pythons (D:1)
  4 endoplasms (D:1)
  2 giant cockroaches (D:1)
  5 goblins
  4 hobgoblins (D:1)
  5 quokkas (D:1)
  A kobold (D:2)
  2 rats (D:1)
29 creatures vanquished.

Vanquished Creatures (others)
  59 foxfires
59 creatures vanquished.

Grand Total: 88 creatures vanquished

Notes
Turn   | Place    | Note
-------+----------+-------------------------------------------
     0 | D:1      | Eryximachus the Ogre Fire Elementalist began the quest for
                  | the Orb.
     0 | D:1      | Reached XP level 1. HP: 16/16 MP: 3/3
    46 | D:1      | Upgraded the game from 0.30.0-16-gbe6223bb7e to
                  | 0.30.0-19-g36f170ea60
   209 | D:1      | Reached XP level 2. HP: 20/24 MP: 0/5
   348 | D:1      | Reached skill level 1 in Conjurations
   545 | D:2      | Learned a level 2 spell: Scorch
  1035 | D:1      | Reached XP level 3. HP: 28/31 MP: 1/7
  1039 | D:1      | Learned a level 3 spell: Volatile Blastmotes
  1685 | D:2      | Found a faded altar of an unknown god.
  1752 | D:2      | Mangled by an iguana

Illustrated notes

Levels and vault maps discovered:
D:1:      dpeg_arrival_shrine, layout_basic
D:2:      layout_loops_ring, basic_altar, hellmonk_ecumenical_altar_run_dry,
          minmay_misc_feat_chi, st_stairs_11, minmay_misc_feat_room,
          supply_closet_lemuel, kennysheep_decorative_pillar, item_on_display_a

Skill      XL: |  1  2 |
---------------+-------+-----
Conjurations   | 1 |  1.1
Dodging        | 2 |  2.1
Spellcasting   | 3 |  3.2
Fire Magic     | 3 |  3.1
Stealth        | |  1.6

Action                     || total
---------------------------++-------
  Melee: Unarmed           ||     3
         Dagger            ||    53
         Punch             ||     1
   Cast: Foxfire           ||    38
   Stab: Sleeping          ||     1
 Armour: Robe              ||    22
  Dodge: Dodged            ||    33
